MLB
HOUSTON ASTROS @ COLORADO ROCKIES
07/05/2098
 
TOP OF THE 1ST
Houston Astros batting - Pitching for Colorado Rockies : LHP Kevin Tomchek
Pitching: LHP Kevin Tomchek
Batting: LHB Ricky Gomez 0-0: Fly out, F7 (Flyball, 7LM, EV 103.8 MPH)
Batting: RHB Jeff Cinnamon 0-0: Foul Ball, location: 5FF
0-1: Foul Ball, location: 5F
0-2: Ball
1-2: Fly out, F8 (Flyball, 8LM, EV 85.0 MPH)
Batting: RHB Kyle Stewart 0-0: Ball
1-0: Ball
2-0: Ball
3-0: Base on Balls
Batting: LHB Alex Perez 0-0: Ball
1-0: Ball
2-0: Ball
3-0: Base on Balls
Kyle Stewart to second
Batting: LHB Roy Lazzaro 0-0: Fielders Choice at 3rd, U5 (Groundball, 5, EV 104.4 MPH)
Top of the 1st over - 0 runs, 0 hits, 0 errors, 1 left on base; Houston 0 - Colorado 0
BOTTOM OF THE 1ST
Colorado Rockies batting - Pitching for Houston Astros : RHP Jon Daugherty
Pitching: RHP Jon Daugherty
Batting: LHB Glenn Sewell 0-0: Ball
1-0: Fly out, F7 (Flyball, 7, EV 92.5 MPH)
Batting: RHB Mike Woodard 0-0: Foul Ball, location: 25F
0-1: Reached on error, E5 (Groundball, 56, EV 85.0 MPH)
Batting: LHB Jim Davis 0-0: Ball
Wild Pitch!
Mike Woodard to second
1-0: Ball
2-0: Swinging Strike
2-1: SINGLE (Line Drive, 34D, EV 106.9 MPH)
Mike Woodard to third
Batting: RHB Kosuke Sakai 0-0: Called Strike
0-1: Ball
1-1: Foul Ball, location: 23F
1-2: Foul Ball, location: 9LMF
1-2: Foul Ball, location: 2F
1-2: TRIPLE (Flyball, 89XD, EV 105.6 MPH)
Mike Woodard scores
Jim Davis scores
Batting: LHB Jeremy Papish 0-0: Called Strike
0-1: Ball
1-1: Ball
2-1: SINGLE (Line Drive, 34, EV 98.8 MPH)
Kosuke Sakai scores
Batting: LHB Carlos Parez 0-0: Ball
1-0: Grounds into double play, 4-6-3 (Groundball, 4, EV 88.1 MPH)
Bottom of the 1st over - 3 runs, 3 hits, 1 error, 0 left on base; Houston 0 - Colorado 3
TOP OF THE 2ND
Houston Astros batting - Pitching for Colorado Rockies : LHP Kevin Tomchek
Batting: RHB Frank Kelsay 0-0: Ball
1-0: Ball
2-0: Called Strike
2-1: Ball
3-1: Ground out 6-3 (Groundball, 6, EV 88.8 MPH)
Batting: RHB Erik Ellsworth 0-0: Called Strike
0-1: Ball
1-1: Ball
2-1: SINGLE (Line Drive, 8RS, EV 93.1 MPH)
Batting: LHB Aaron Bruckerhoff 0-0: Called Strike
0-1: Ball
1-1: Ball
2-1: Grounds into double play, 4-6-3 (Groundball, 4, EV 106.9 MPH)
Top of the 2nd over - 0 runs, 1 hit, 0 errors, 0 left on base; Houston 0 - Colorado 3
BOTTOM OF THE 2ND
Colorado Rockies batting - Pitching for Houston Astros : RHP Jon Daugherty
Batting: SHB Justin Williams 0-0: Ball
1-0: Bunt missed!
1-1: Foul Ball, location: 7LSF
1-2: Ball
2-2: Ground out 6-3 (Groundball, 56, EV 104.4 MPH)
Batting: LHB Jesus Pena 0-0: Ball
1-0: Ball
2-0: Called Strike
2-1: Ball
3-1: Swinging Strike
3-2: Foul Ball, location: 2F
3-2: Base on Balls
Batting: RHB Brenden Oxton 0-0: Called Strike
0-1: Ball
1-1: Ball
2-1: DOUBLE (Line Drive, 8RXD, EV 99.4 MPH)
Jesus Pena to third
Runner from 3rd tries for Home, SAFE, no throw by CF
Batting: LHB Glenn Sewell 0-0: Ball
Wild Pitch!
Brenden Oxton to third
1-0: Ball
2-0: Ball
3-0: Base on Balls
Batting: RHB Mike Woodard 0-0: Called Strike
0-1: SINGLE (Line Drive, 8RM, EV 97.5 MPH)
Brenden Oxton scores
Glenn Sewell to second
Batting: LHB Jim Davis 0-0: Called Strike
0-1: Ball
1-1: SINGLE (Groundball, 4MD, EV 100.0 MPH) (infield hit)
Glenn Sewell to third
Mike Woodard to second
Pitching: RHP Ron Lord
Batting: RHB Kosuke Sakai 0-0: Grounds into double play, 5-4-3 (Groundball, 5S, EV 90.6 MPH)
Bottom of the 2nd over - 2 runs, 3 hits, 0 errors, 2 left on base; Houston 0 - Colorado 5
TOP OF THE 3RD
Houston Astros batting - Pitching for Colorado Rockies : LHP Kevin Tomchek
Batting: RHB Manchu Hu 0-0: Ball
1-0: Ball
2-0: Ball
3-0: Base on Balls
Pitching: RHP Chris Colbert
Batting: LHB Ricky Gomez 0-0: Called Strike
0-1: Ball
1-1: Foul Ball, location: 2F
1-2: Strikes out swinging
Batting: RHB Jeff Cinnamon 0-0: Swinging Strike
0-1: Foul Ball, location: 2F
0-2: Strikes out swinging
Batting: RHB Kyle Stewart 0-0: Fly out, F9 (Flyball, 89S, EV 90.0 MPH)
Top of the 3rd over - 0 runs, 0 hits, 0 errors, 1 left on base; Houston 0 - Colorado 5
BOTTOM OF THE 3RD
Colorado Rockies batting - Pitching for Houston Astros : RHP Ron Lord
Batting: LHB Jeremy Papish 0-0: SINGLE (Line Drive, 8RS, EV 95.6 MPH)
Batting: LHB Carlos Parez 0-0: Ball
1-0: Ball
2-0: Ball
3-0: Base on Balls
Jeremy Papish to second
Batting: SHB Justin Williams 0-0: Ball
1-0: Called Strike
1-1: Called Strike
1-2: Ball
2-2: Foul Ball, location: 7LSF
2-2: Strikes out swinging
Batting: LHB Jesus Pena 0-0: Called Strike
0-1: Reached on error, E6 (Groundball, 6, EV 85.6 MPH)
Jeremy Papish to third
Carlos Parez to second
Batting: RHB Brenden Oxton 0-0: Called Strike
0-1: Called Strike
0-2: Foul Ball, location: 7LMF
0-2: Ball
1-2: Ball
2-2: Ball
3-2: Grounds into fielders choice 6-2 (Groundball, 56D, EV 98.8 MPH)
Carlos Parez to third
Jesus Pena to second
Batting: LHB Glenn Sewell 0-0: Ball
1-0: Ball
2-0: Ball
3-0: Called Strike
3-1: Fly out, F7 (Flyball, 78S, EV 75.6 MPH)
Bottom of the 3rd over - 0 runs, 1 hit, 1 error, 3 left on base; Houston 0 - Colorado 5
TOP OF THE 4TH
Houston Astros batting - Pitching for Colorado Rockies : RHP Chris Colbert
Batting: LHB Alex Perez 0-0: Called Strike
0-1: Ball
1-1: Called Strike
1-2: Strikes out swinging
Batting: LHB Roy Lazzaro 0-0: Foul Ball, location: 3F, Error on foul ball, E3
0-1: Swinging Strike
0-2: Fly out, F7 (Flyball, 78M, EV 81.3 MPH)
Batting: RHB Frank Kelsay 0-0: Ball
1-0: Ball
2-0: Foul Ball, location: 5DF
2-1: Ball
3-1: SINGLE (Groundball, 34D, EV 110.0 MPH)
Batting: RHB Erik Ellsworth 0-0: Ball
1-0: Called Strike
1-1: Called Strike
1-2: DOUBLE (Flyball, 89XD, EV 102.5 MPH)
Frank Kelsay to third
Batting: LHB Aaron Bruckerhoff 0-0: Called Strike
0-1: DOUBLE (Flyball, 7LD, EV 107.5 MPH)
Frank Kelsay scores
Erik Ellsworth scores
Batting: RHB Manchu Hu 0-0: Ball
1-0: Ball
2-0: Swinging Strike
2-1: Foul Ball, location: 2F
2-2: Foul Ball, location: 23F
2-2: Foul Ball, location: 23FF
2-2: Strikes out swinging
Top of the 4th over - 2 runs, 3 hits, 1 error, 1 left on base; Houston 2 - Colorado 5
BOTTOM OF THE 4TH
Colorado Rockies batting - Pitching for Houston Astros : RHP Ron Lord
Batting: RHB Mike Woodard 0-0: Foul Ball, location: 9LDF
0-1: Ball
1-1: Ball
2-1: Ball
3-1: Base on Balls
Batting: LHB Jim Davis 0-0: Foul Ball, location: 2F
0-1: Foul Ball, location: 2F
0-2: Strikes out swinging
Batting: RHB Kosuke Sakai 0-0: Ball
1-0: DOUBLE (Flyball, 9LD, EV 89.4 MPH)
Mike Woodard to third
Batting: LHB Jeremy Papish 0-0: Ball
1-0: Ball
2-0: Ball
3-0: Called Strike
3-1: Fly out, F6 (Line Drive, 6, EV 68.1 MPH)
Lined into DP, 6-4 (Line Drive, 6, EV 68.1 MPH)
Bottom of the 4th over - 0 runs, 1 hit, 0 errors, 1 left on base; Houston 2 - Colorado 5
TOP OF THE 5TH
Houston Astros batting - Pitching for Colorado Rockies : RHP Chris Colbert
Batting: LHB Ricky Gomez 0-0: Ball
1-0: Foul Ball, location: 9LMFF
1-1: Ball
2-1: Foul Ball, location: 2F
2-2: Ball
3-2: Reached on error, E4 (Groundball, 4, EV 94.4 MPH)
Pitching: RHP Angel Cruz
Batting: RHB Jeff Cinnamon 0-0: Ball
1-0: Ball
2-0: Grounds into double play, 5-4-3 (Groundball, 56, EV 87.5 MPH)
Batting: RHB Kyle Stewart 0-0: Fly out, F9 (Line Drive, 9S, EV 98.1 MPH)
Top of the 5th over - 0 runs, 0 hits, 1 error, 0 left on base; Houston 2 - Colorado 5
BOTTOM OF THE 5TH
Colorado Rockies batting - Pitching for Houston Astros : RHP Ron Lord
Batting: LHB Carlos Parez 0-0: Ball
1-0: Foul Ball, location: 3F
1-1: Swinging Strike
1-2: Ball
2-2: Ball
3-2: DOUBLE (Line Drive, 9LM, EV 95.6 MPH)
Batting: SHB Justin Williams 0-0: Ball
1-0: Ground out 6-3 (Groundball, 6, EV 101.9 MPH)
Pitching: RHP Larry DeWolfe
Batting: LHB Jesus Pena 0-0: Swinging Strike
0-1: Foul Ball, location: 5FF
0-2: Ball
1-2: Strikes out swinging
Batting: RHB Brenden Oxton 0-0: Foul Ball, location: 7LMFF
0-1: Called Strike
0-2: SINGLE (Line Drive, 8RS, EV 100.6 MPH)
Carlos Parez to third
Runner from 3rd tries for Home, SAFE, throw by CF to home
Batting: LHB Glenn Sewell 0-0: Ball
1-0: Called Strike
1-1: DOUBLE (Groundball, 3L, EV 98.8 MPH)
Brenden Oxton to third
Batting: RHB Mike Woodard 0-0: Foul Ball, location: 9LDF
0-1: Ball
1-1: Ball
2-1: DOUBLE (Line Drive, 8RXD, EV 102.5 MPH)
Brenden Oxton scores
Glenn Sewell scores
Batting: LHB Jim Davis 0-0: Ball
1-0: Ball
2-0: Ball
3-0: Base on Balls
Batting: RHB Kosuke Sakai 0-0: Foul Ball, location: 7LMF
0-1: Foul Ball, location: 7LMF
0-2: Ball
1-2: Ball
2-2: Strikes out swinging
Bottom of the 5th over - 3 runs, 4 hits, 0 errors, 2 left on base; Houston 2 - Colorado 8
TOP OF THE 6TH
Houston Astros batting - Pitching for Colorado Rockies : RHP Angel Cruz
Batting: LHB Alex Perez 0-0: Ball
1-0: Ball
2-0: Called Strike
2-1: Ball
3-1: Swinging Strike
3-2: Strikes out swinging
Batting: LHB Roy Lazzaro 0-0: Foul Ball, location: 9LSF
0-1: Ball
1-1: DOUBLE (Flyball, 8RXD, EV 110.6 MPH)
Batting: RHB Frank Kelsay 0-0: Swinging Strike
0-1: Ball
1-1: Foul Ball, location: 9LMF
1-2: Strikes out swinging
Batting: RHB Erik Ellsworth 0-0: Foul Ball, location: 25FF
0-1: Ball
1-1: SINGLE (Groundball, 4MD, EV 105.0 MPH)
Roy Lazzaro to third
Runner from 3rd tries for Home, SAFE, throw by CF to home
Batting: LHB Aaron Bruckerhoff 0-0: Called Strike
0-1: Ball
1-1: Foul Ball, location: 7LMF
1-2: Ball
2-2: Ball
3-2: Ground out 6-3 (Groundball, 6, EV 110.0 MPH)
Top of the 6th over - 1 run, 2 hits, 0 errors, 1 left on base; Houston 3 - Colorado 8
BOTTOM OF THE 6TH
Colorado Rockies batting - Pitching for Houston Astros : RHP Larry DeWolfe
Batting: LHB Jeremy Papish 0-0: Called Strike
0-1: DOUBLE (Line Drive, 78D, EV 105.0 MPH)
Batting: LHB Carlos Parez 0-0: Foul Ball, location: 5FF
0-1: Ball
1-1: Ball
2-1: Ball
3-1: Base on Balls
Batting: SHB Justin Williams 0-0: Ball
1-0: Ball
2-0: Called Strike
2-1: Ball
3-1: Base on Balls
Jeremy Papish to third
Carlos Parez to second
Batting: LHB Jesus Pena 0-0: Fielders Choice at 2nd, 4-6 (Groundball, 4, EV 81.3 MPH)
Jeremy Papish scores
Carlos Parez to third
Pitching: RHP Josh Jones
Batting: RHB Brenden Oxton 0-0: SINGLE (Groundball, 56D, EV 102.5 MPH)
Carlos Parez scores
Jesus Pena to second
Batting: LHB Glenn Sewell 0-0: Ball
1-0: Ball
2-0: Ball
3-0: Called Strike
3-1: Foul Ball, location: 7LSF
3-2: DOUBLE (Flyball, 78D, EV 110.0 MPH)
Jesus Pena scores
Brenden Oxton to third
Runner from 3rd tries for Home, SAFE, no throw by CF
Batting: RHB Mike Woodard 0-0: Called Strike
0-1: Foul Ball, location: 3SF
0-2: Foul Ball, location: 3FF
0-2: Ball
1-2: Ball
2-2: Ball
3-2: Strikes out looking
Batting: LHB Jim Davis 0-0: Ball
1-0: DOUBLE (Flyball, 78D, EV 110.6 MPH)
Glenn Sewell scores
Batting: RHB Kosuke Sakai 0-0: Ground out 6-3 (Groundball, 6, EV 103.1 MPH)
Bottom of the 6th over - 5 runs, 4 hits, 0 errors, 1 left on base; Houston 3 - Colorado 13
TOP OF THE 7TH
Houston Astros batting - Pitching for Colorado Rockies : RHP Angel Cruz
Pitching: LHP Zander Gonzalez
Batting: RHB Manchu Hu 0-0: Ball
1-0: Called Strike
1-1: Swinging Strike
1-2: Ball
2-2: Foul Ball, location: 2F
2-2: Strikes out swinging
Batting: LHB Ricky Gomez 0-0: Called Strike
0-1: Ball
1-1: Called Strike
1-2: Ball
2-2: Foul Ball, location: 7LMF
2-2: SINGLE (Groundball, 4MD, EV 106.3 MPH)
Pinch Hitting: RHB Matt Carocci 0-0: Swinging Strike
0-1: Ball
1-1: Ball
2-1: Swinging Strike
2-2: Fly out, F9 (Flyball, 9D, EV 103.1 MPH)
Batting: RHB Kyle Stewart 0-0: Called Strike
0-1: SINGLE (Groundball, 15, EV 65.0 MPH) (infield hit)
Ricky Gomez to second
Batting: LHB Alex Perez 0-0: Ball
1-0: DOUBLE (Line Drive, 5D, EV 100.0 MPH)
Ricky Gomez scores
Kyle Stewart to third
Runner from 3rd tries for Home, SAFE, throw by LF to trailing runner, OUT at third! 7-3-5
Top of the 7th over - 2 runs, 3 hits, 0 errors, 0 left on base; Houston 5 - Colorado 13
BOTTOM OF THE 7TH
Colorado Rockies batting - Pitching for Houston Astros : RHP Josh Jones
Now in RF: Matt Carocci
Batting: LHB Jeremy Papish 0-0: Foul Ball, location: 25F
0-1: Ball
1-1: Ball
2-1: Ball
3-1: Called Strike
3-2: Strikes out swinging
Batting: LHB Carlos Parez 0-0: Ground out 5-3 (Groundball, 56, EV 100.0 MPH)
Batting: SHB Justin Williams 0-0: Ball
1-0: Called Strike
1-1: Ball
2-1: Swinging Strike
2-2: Foul Ball, location: 2LF
2-2: Ball
3-2: Strikes out swinging
Bottom of the 7th over - 0 runs, 0 hits, 0 errors, 0 left on base; Houston 5 - Colorado 13
TOP OF THE 8TH
Houston Astros batting - Pitching for Colorado Rockies : LHP Zander Gonzalez
Batting: LHB Roy Lazzaro 0-0: Called Strike
0-1: Foul Ball, location: 7LSF
0-2: Ball
1-2: Fly out, F7 (Flyball, 78S, EV 79.4 MPH)
Batting: RHB Frank Kelsay 0-0: Foul Ball, location: 2F
0-1: Ball
1-1: Called Strike
1-2: Ball
2-2: SINGLE (Groundball, 4D, EV 103.8 MPH)
Pitching: RHP Matt Osorio
Batting: RHB Erik Ellsworth 0-0: Ball
1-0: Called Strike
1-1: Called Strike
1-2: Ball
2-2: Ball
3-2: Hit by Pitch
Frank Kelsay to second
Batting: LHB Aaron Bruckerhoff 0-0: Ball
1-0: Fly out, F8 (Flyball, 8RM, EV 81.3 MPH)
Batting: RHB Manchu Hu 0-0: DOUBLE (Line Drive, 89XD, EV 98.8 MPH)
Frank Kelsay scores
Erik Ellsworth to third
Batting: LHB Ricky Gomez 0-0: Foul Ball, location: 2F
0-1: Ball
1-1: DOUBLE (Line Drive, 7LD, EV 105.6 MPH)
Erik Ellsworth scores
Manchu Hu scores
Pinch Runner at 2nd Sterling Lentz:
Batting: RHB Matt Carocci 0-0: Foul Ball, location: 9LSF
0-1: Fly out, F8 (Flyball, 8RXD, EV 97.5 MPH)
Top of the 8th over - 3 runs, 3 hits, 0 errors, 1 left on base; Houston 8 - Colorado 13
BOTTOM OF THE 8TH
Colorado Rockies batting - Pitching for Houston Astros : RHP Josh Jones
Now in LF: Sterling Lentz
Batting: LHB Jesus Pena 0-0: Called Strike
0-1: Ball
1-1: SINGLE (Line Drive, 5D, EV 98.8 MPH)
Batting: RHB Brenden Oxton 0-0: Ball
1-0: Swinging Strike
1-1: Called Strike
1-2: Ball
2-2: Grounds into double play, 6-4-3 (Groundball, 6, EV 79.4 MPH)
Batting: LHB Glenn Sewell 0-0: Ball
1-0: Ball
2-0: Called Strike
2-1: Fly out, F8 (Flyball, 8LD, EV 99.4 MPH)
Bottom of the 8th over - 0 runs, 1 hit, 0 errors, 0 left on base; Houston 8 - Colorado 13
TOP OF THE 9TH
Houston Astros batting - Pitching for Colorado Rockies : RHP Matt Osorio
Batting: RHB Kyle Stewart 0-0: Swinging Strike
0-1: SOLO HOME RUN (Flyball, 7D, EV 96.9 MPH), Distance : 373 ft
Pitching: RHP Gustavo Becerra
Batting: LHB Alex Perez 0-0: Ground out 4-3 (Groundball, 34, EV 100.6 MPH)
Batting: LHB Roy Lazzaro 0-0: Swinging Strike
0-1: Swinging Strike
0-2: Foul Ball, location: 2F
0-2: Strikes out swinging
Batting: RHB Frank Kelsay 0-0: Ball
1-0: Ball
2-0: SINGLE (Line Drive, 7S, EV 102.5 MPH)
Batting: RHB Erik Ellsworth 0-0: Ball
1-0: Ball
2-0: Called Strike
2-1: Swinging Strike
2-2: Ball
3-2: Foul Ball, location: 9LSF
3-2: Foul Ball, location: 5FF
3-2: Foul Ball, location: 2F
3-2: Base on Balls
Frank Kelsay to second
Batting: LHB Aaron Bruckerhoff 0-0: SINGLE (Groundball, 13, EV 70.6 MPH) (infield hit)
Frank Kelsay to third
Erik Ellsworth to second
Batting: RHB Manchu Hu 0-0: Foul Ball, location: 9LDF
0-1: Called Strike
0-2: Ball
1-2: Foul Ball, location: 5FF
1-2: Foul Ball, location: 2F
1-2: Hit by Pitch
Frank Kelsay scores
Erik Ellsworth to third
Aaron Bruckerhoff to second
Batting: RHB Sterling Lentz 0-0: Ball
1-0: Fly out, F4 (Popup, 3S, EV 90.6 MPH)
Top of the 9th over - 2 runs, 3 hits, 0 errors, 3 left on base; Houston 10 - Colorado 13
Monday, April 8th , 2024 - OOTP Baseball 24.11 Build 85